 Dungeon Crawl Stone Soup version 0.21-a0-615-g8e08f28 (webtiles) character file.

115 slep the Slasher (level 5, -1/26 HPs)
             Began as a Vine Stalker Gladiator on Dec 23, 2017.
             Slain by a gnoll
             ... wielding a +0 spear
              (4 damage)
             ... on level 3 of the Dungeon.
             The game lasted 00:06:49 (1437 turns).

slep the Slasher (Vine Stalker Gladiator)           Turns: 1437, Time: 00:06:49

Health: -1/26      AC:  5    Str: 16    XL:     5   Next: 0%
Magic:  0/6        EV: 13    Int:  8    God:
Gold:   66         SH:  0    Dex: 17    Spells: 4/4 levels left

rFire    . . .     SeeInvis .   a - +0 long sword
rCold    . . .     Gourm    .   (no shield)
rNeg     + . .     Faith    .   b - +0 leather armour
rPois    .         Spirit   +   c - +0 helmet
rElec    .         Reflect  .   (no cloak)
rCorr    .         Harm     .   (no gloves)
MR       .....     Rnd*Tele +   l - +0 pair of boots
Stlth    +.........             (no amulet)
HPRegen  0.48/turn              n - ring of teleportation (curse)
MPRegen  0.10/turn              j - ring of positive energy

@: no status effects
A: fangs 2, regeneration 1, magic shield, antimagic bite, no potion heal 3, rot
immunity
a: no special abilities


You were on level 3 of the Dungeon.
You were hungry.

You visited 1 branch of the dungeon, and saw 3 of its levels.

You collected 66 gold pieces.

Inventory:

Hand Weapons
 a - a +0 long sword (weapon)
Missiles
 d - 3 throwing nets (quivered)
 o - 10 poisoned needles
 q - 5 tomahawks
Armour
 b - a +0 leather armour (worn)
 c - a +0 helmet (worn)
 l - a +0 pair of boots (worn)
Jewellery
 i - an uncursed ring of protection from fire
 j - a ring of positive energy (right hand)
 n - a cursed ring of teleportation (left hand)
 s - an uncursed ring of wizardry
Scrolls
 e - a scroll of teleportation {unknown}
 g - a scroll of remove curse {unknown}
 h - 3 scrolls of identify {unknown}
 k - 2 scrolls of immolation {unknown}
 m - a scroll of enchant weapon {unknown}
 p - a scroll of blinking {unknown}
 r - a scroll of magic mapping {unknown}
Potions
 t - 2 potions of curing {unknown}
Comestibles
 f - 4 rations


   Skills:
 + Level 2.2 Fighting
 + Level 4.1 Long Blades
 + Level 1.9 Throwing
 + Level 0.4 Armour
 + Level 3.0 Dodging
 + Level 0.5 Stealth


You had 4 spell levels left.
You didn't know any spells.

Dungeon Overview and Level Annotations

Branches:
Dungeon (3/15)

Altars:
Elyvilon
Kikubaaqudgha


Innate Abilities, Weirdness & Mutations

You have extremely sharp teeth.
Your natural rate of healing is unusually fast.
When hurt, damage is shared between your health and your magic reserves.
Your bite disrupts and absorbs the magic of your enemies.
Potions cannot restore your health.
You are immune to rotting.


Message History

The gnoll is heavily wounded.
The gnoll barely misses you. The gnoll hits you with a spear.
* * * LOW HITPOINT WARNING * * *
A gnoll comes into view. It is wielding a whip.
You hit the gnoll but do no damage.
The gnoll is heavily wounded.
The gnoll barely misses you.
You riposte.
You hit the gnoll but do no damage.
The gnoll is heavily wounded.
A dart slug comes into view.
You hit the gnoll. You bite the gnoll, but do no damage.
The gnoll is severely wounded.
The gnoll hits you but does no damage.
A gnoll comes into view. It is wielding a flail.
You hit the gnoll but do no damage.
The gnoll is severely wounded.
The gnoll hits you but does no damage.
You closely miss the gnoll. You bite the gnoll, but do no damage.
The gnoll is severely wounded.
The gnoll hits you with a spear.
You die...

.................>...#
######.#...###########.#
#......#..<.## #.......#
##....#...# #.#######
#.##.###.###.#####
#.##.#....)#.....#
#....#.#.#.#####.#
####.#.#.#.......#
#...#@#########
######.###g#
#..†....##g#
#.####..##g#
#....<....g######
######.#..w.....#
......†g......#
####..........#
#....<.....#


You could see 5 gnolls and a dart slug.

Vanquished Creatures
  5 gnolls
  3 adders
  A dart slug (D:1)
  A leopard gecko (D:3)
  4 giant cockroaches
  5 goblins
  2 hobgoblins (D:2)
  4 jackals
  3 bats
  5 frilled lizards
  4 kobolds
  4 rats
  A butterfly (D:1)
42 creatures vanquished.

Notes
Turn   | Place    | Note
-------+----------+-------------------------------------------
     0 | D:1      | slep the Vine Stalker Gladiator began the quest for the Orb.
     0 | D:1      | Reached XP level 1. HP: 11/11 MP: 2/2
   163 | D:1      | Reached skill level 3 in Long Blades
   163 | D:1      | Reached XP level 2. HP: 10/15 MP: 1/3
   629 | D:2      | Reached XP level 3. HP: 14/18 MP: 4/4
   733 | D:2      | Gained mutation: Your natural rate of healing is unusually fast. [Vine Stalker growth]
   733 | D:2      | Reached XP level 4. HP: 14/23 MP: 5/5
   800 | D:2      | Found a white marble altar of Elyvilon.
   800 | D:2      | Found an ancient bone altar of Kikubaaqudgha.
  1331 | D:3      | Reached skill level 4 in Long Blades
  1431 | D:3      | Reached XP level 5. HP: 4/26 MP: 3/6
  1431 | D:3      | HP: 1/26 [gnoll/spear (3)]
  1437 | D:3      | Slain by a gnoll

Vault maps used:
D:1:      scummos_arrival_checkerplants, hangedman_glass_garden
D:2:      nicolae_overflow_hidden_temple
D:3:      minmay_hedge_maze, kennysheep_slug_shrine

Skill      XL: |  1  2  3  4 |
---------------+-------------+-----
Long Blades    | 3 4 |  4.1
Fighting       | 2 |  2.2
Dodging        | 3 |  3.0
Throwing       | |  1.9
Armour         | |  0.4
Stealth        | |  0.5

Action                   |  1- 3 |  4- 6 || total
-------------------------+-------+-------++-------
Melee: Long sword        |    54 |    46 ||   100
       Bite              |    12 |    13 ||    25
 Stab: Sleeping          |     1 |     1 ||     2
  Eat: Chunk             |       |     1 ||     1
Armor: Leather armour    |    14 |    17 ||    31
Dodge: Dodged            |    30 |    43 ||    73
       Rpst.: Long sword |    10 |     7 ||    17

Table legend:
 A = Spawn XP
 B = Non-spawn XP
 C = Spawn XP percentage of total XP
 D = Spawn monster count
 E = Non-spawn monster count
 F = Spawn count percentage of total count
 G = Total turns spent on level
                    A         B        C        D         E        F      G
               +---------+---------+-------+---------+---------+-------+---------
         Total |       0 |     165 |   0.0 |       0 |      41 |   0.0 |  1437
               +---------+---------+-------+---------+---------+-------+---------
           D:1 |       0 |      24 |   0.0 |       0 |      14 |   0.0 |   575
           D:2 |       0 |     106 |   0.0 |       0 |      21 |   0.0 |   746
           D:3 |       0 |      35 |   0.0 |       0 |       6 |   0.0 |   116
               +---------+---------+-------+---------+---------+-------+---------
